Map: [ESL] Royal Blood

Players

Neeb - Winner!

  • Race: Protoss Protoss

RagnaroK (SHIN)

  • Race: Zerg Zerg

Event: IEM Katowice 2023

VOD

Have the link to the VOD?

Description

Time

  • Played on: Feb. 9, 2023, 5:32 a.m.
  • Length: 17:34

All games in this series

Show
View Real Time Build Order
Export as new Build Order

Neeb Protoss - Winner!

Build Orders: 1 Gate Expand, Oracle Opening 

Get SALT Encoding   

  12  0:00  Probe  
  13  0:12  Probe  
  14  0:17  Pylon  
  14  0:24  Probe (Chrono Boost)  
  15  0:36  Probe (Chrono Boost)  
  15  0:38  Gateway  
  16  0:45  Probe (Chrono Boost)  
  17  0:50  Probe  
  17  0:54  Assimilator  
  18  1:03  Probe  
  19  1:15  Probe  
  20  1:24  Nexus  
  20  1:35  Cybernetics Core  
  20  1:37  Probe  
  21  1:43  Assimilator  
  21  1:49  Probe  
  21  1:51  Pylon  
  22  2:01  Probe (Chrono Boost)  
  22  2:08  Adept (Chrono Boost)  
  23  2:11  Probe (Chrono Boost)  
  23  2:12  Warp Gate  
  26  2:16  Probe (Chrono Boost)  
  27  2:28  Probe  
  22  2:30  Adept (Chrono Boost)  
  28  2:36  Stargate, Probe  
  31  2:40  Probe  
  32  2:48  Probe  
  32  2:51  Adept  
  33  2:52  Probe  
  36  3:00  Probe  
  36  3:05  Pylon, Probe  
  38  3:12  Probe  
  39  3:17  Probe  
  40  3:20  Oracle (Chrono Boost)  
  40  3:24  Probe  
  44  3:31  Probe  
  43  3:36  Probe  
  43  3:40  Pylon  
  44  3:43  Probe  
  44  3:47  Oracle (Chrono Boost)  
  45  3:51  Nexus  
  45  3:55  Pylon, Probe  
  47  3:58  Probe  
  48  4:03  Assimilator  
  48  4:05  Adept  
  48  4:09  Probe  
  51  4:11  Gateway  
  51  4:12  Probe  
  51  4:14  Twilight Council  
  51  4:17  Shield Battery  
  52  4:21  Probe  
  52  4:22  Forge  
  54  4:24  Probe  
  54  4:27  Adept  
  56  4:33  Pylon, Probe  
  56  4:36  Probe  
  58  4:45  Gateway  
  58  4:46  Probe (Chrono Boost)  
  58  4:47  Gateway  
  58  4:48  Probe (Chrono Boost)  
  58  4:50  Blink (Chrono Boost)  
  58  4:52  Pylon  
  60  4:55  Protoss Ground Weapons Level 1 (Chrono Boost)  
  60  4:56  Probe (Chrono Boost)  
  61  5:00  Probe (Chrono Boost)  
  61  5:05  Probe  
  61  5:07  Probe  
  64  5:10  Probe  
  64  5:14  Stalker x2  
  69  5:17  Probe  
  69  5:19  Probe  
  71  5:22  Probe  
  72  5:29  Probe  
  72  5:31  Pylon, Probe  
  74  5:38  Stalker x2  
  74  5:40  Stalker  
  80  5:43  Stalker  
  82  5:53  Nexus  
  79  5:57  Pylon  
  79  6:03  Stalker x3  
  85  6:07  Stalker  
  87  6:15  Probe x2  
  89  6:21  Gateway x2  
  89  6:23  Gateway  
  89  6:24  Gateway  
  89  6:27  Stalker x3  
  89  6:32  Stalker  
  97  6:35  Probe  
  97  6:36  Probe x2  
  97  6:39  Assimilator x2  
  100  6:41  Protoss Ground Weapons Level 2 (Chrono Boost)  
  100  6:43  Pylon  
  100  6:44  Pylon  
  100  6:49  Probe x2  
  100  6:52  Probe  
  100  6:53  Assimilator  
  103  6:56  Pylon  
  103  6:58  Stalker x3  
  103  6:59  Nexus  
  109  7:04  Probe x2  
  111  7:09  Probe  
  111  7:10  Shield Battery  
  112  7:16  Stalker x3  
  112  7:17  Stalker  
  112  7:19  Probe  
  112  7:22  Shield Battery  
  122  7:24  Charge  
  123  7:30  Photon Cannon  
  123  7:31  Stalker x4  
  129  7:41  Stalker x3  
  135  7:45  Stalker  
  133  7:52  Gateway  
  133  7:53  Gateway  
  133  7:55  Gateway  
  133  7:56  Zealot x2  
  123  8:00  Zealot x2  
  117  8:11  Zealot x2  
  118  8:13  Probe  
  119  8:23  Nexus  
  119  8:26  Pylon  
  119  8:30  Templar Archives  
  120  8:34  Stalker x2  
  120  8:36  Void Ray (Chrono Boost)  
  120  8:37  Pylon  
  120  8:41  Pylon  
  124  8:46  Shield Battery, Zealot x4  
  132  8:57  Pylon  
  132  9:04  Probe x2  
  132  9:06  High Templar x4, Probe  
  132  9:07  Zealot x2  
  147  9:10  Archon  
  147  9:11  Archon, Protoss Ground Weapons Level 3 (Chrono Boost)  
  147  9:16  Pylon  
  147  9:21  Probe x3  
  150  9:25  High Templar x2  
  150  9:29  Archon  
  150  9:30  Pylon, Assimilator x2  
  154  9:41  Robotics Facility  
  154  9:46  Stalker  
  154  9:47  Stalker x3  
  132  10:06  Zealot x4  
  130  10:15  Nexus  
  130  10:18  High Templar  
  130  10:19  High Templar, Sentry  
  130  10:20  Pylon  
  128  10:24  Archon, Shield Battery  
  128  10:26  Probe  
  123  10:34  Zealot x5  
  133  10:38  Probe  
  133  10:42  High Templar  
  136  10:47  High Templar  
  134  10:55  Zealot x6  
  146  10:57  Probe  
  146  10:58  Probe x2  
  146  11:02  Assimilator  
  149  11:08  Psionic Storm  
  149  11:10  Probe x3, Robotics Facility  
  152  11:12  Archon  
  152  11:13  High Templar x2  
  152  11:17  Archon  
  156  11:22  Probe  
  155  11:30  Stalker x2  
  155  11:31  Stalker x4  
  161  11:39  Shield Battery  
  159  11:42  Shield Battery  
  159  11:46  Shield Battery  
  159  11:48  Pylon  
  159  11:51  High Templar x2  
  161  12:03  Stalker x2  
  161  12:04  Stalker x4  
  169  12:14  Probe x2  
  171  12:17  Probe  
  171  12:19  Gateway, Probe  
  171  12:20  Gateway  
  159  12:23  High Templar x2  
  159  12:24  Photon Cannon  
  159  12:25  Photon Cannon  
  159  12:29  Photon Cannon  
  163  12:30  Zealot x6  
  175  12:39  Archon  
  175  12:41  Probe  
  175  12:42  Probe x2  
  173  12:46  Probe  
  173  12:50  Pylon  
  173  12:51  Immortal (Chrono Boost)  
  174  12:53  Assimilator, Probe  
  174  12:55  Pylon  
  174  12:57  Pylon, High Templar x3  
  179  13:00  Zealot x2  
  177  13:16  Protoss Shields Level 1 (Chrono Boost)  
  177  13:17  High Templar  
  183  13:20  Zealot x6  
  195  13:30  Observer (Chrono Boost)  
  190  13:35  Zealot x3  
  190  13:39  Photon Cannon x2  
  178  13:51  Immortal (Chrono Boost)  
  178  13:55  Zealot x9  
  200  14:08  Fleet Beacon, Nexus  
  200  14:10  Stargate  
  188  14:17  Stargate  
  188  14:20  Protoss Air Weapons Level 1  
  188  14:21  High Templar x2  
  192  14:25  Photon Cannon  
  192  14:26  High Templar x2, Photon Cannon  
  192  14:27  Pylon  
  192  14:28  High Templar x2  
  200  14:33  Photon Cannon  
  200  14:34  Archon x2, Photon Cannon  
  198  14:49  Photon Cannon  
  198  14:50  Photon Cannon  
  198  14:53  Shield Battery  
  198  14:56  Pylon  
  186  15:02  Zealot x8  
  192  15:11  Carrier (Chrono Boost)  
  186  15:24  Carrier (Chrono Boost)  
  192  15:28  Carrier (Chrono Boost)  
  196  15:42  Probe x4  
  177  15:43  Probe  
  177  15:49  Zealot  
  170  15:51  High Templar x3  
  170  15:53  High Templar x3  
  170  15:54  Probe  
  171  16:00  Archon x3  
  171  16:06  Assimilator x2  
  171  16:10  Zealot x4  
  177  16:23  Zealot  
  177  16:24  Zealot x2  
  183  16:31  Probe  
  178  16:35  Zealot x5  
  170  16:42  Zealot x5  
  168  16:52  Zealot x3  
  160  16:55  Probe, Robotics Facility  
  160  16:58  Probe  
  159  17:06  High Templar x4  
  155  17:10  Archon x2  
  154  17:16  Zealot x2  
Show
View Real Time Build Order
Export as new Build Order

RagnaroK Zerg 

Build Orders: Hatch First, Lurkers 

Get SALT Encoding   

  12  0:00  Drone  
  13  0:08  Drone  
  14  0:16  Overlord  
  14  0:34  Drone x3  
  17  0:53  Hatchery  
  17  0:54  Drone  
  17  0:57  Drone  
  18  1:08  Extractor  
  17  1:12  Spawning Pool  
  17  1:16  Drone  
  17  1:19  Drone  
  18  1:28  Drone  
  19  1:39  Drone  
  20  1:50  Drone  
  21  2:01  Zergling x2  
  22  2:05  Queen x2  
  22  2:06  Zergling x2  
  27  2:12  Overlord, Metabolic Boost  
  27  2:17  Drone  
  28  2:30  Drone x2  
  28  2:33  Drone  
  31  2:37  Drone  
  31  2:41  Hatchery  
  31  2:45  Zergling x2  
  31  2:49  Queen  
  34  2:55  Overlord  
  34  2:59  Zergling x4  
  36  3:15  Drone x5  
  42  3:20  Drone x2  
  43  3:30  Drone  
  43  3:34  Drone, Spore Crawler  
  43  3:37  Spore Crawler  
  43  3:41  Drone  
  43  3:47  Overlord  
  43  3:48  Overlord  
  43  3:51  Drone  
  43  3:52  Queen x2  
  43  3:53  Drone  
  43  3:54  Drone  
  49  3:55  Drone  
  49  4:01  Drone, Evolution Chamber  
  49  4:02  Drone  
  49  4:04  Overlord  
  49  4:07  Drone  
  49  4:09  Drone  
  51  4:10  Drone  
  51  4:15  Drone, Spore Crawler  
  52  4:17  Drone  
  52  4:20  Drone x2  
  55  4:28  Queen, Zerg Melee Weapons Level 1  
  57  4:31  Drone x2  
  57  4:33  Drone  
  57  4:36  Zergling x2  
  61  4:38  Zergling x4  
  61  4:41  Drone x2  
  61  4:42  Drone  
  66  4:46  Drone  
  66  4:48  Extractor  
  66  4:49  Zergling x6  
  66  4:50  Drone x2  
  66  4:52  Drone  
  72  4:55  Drone  
  72  4:56  Overlord  
  72  4:59  Drone  
  72  5:00  Lair  
  72  5:03  Drone  
  73  5:08  Roach Warren  
  73  5:09  Drone  
  73  5:12  Overlord  
  73  5:13  Overlord  
  73  5:14  Overlord  
  73  5:15  Drone  
  73  5:17  Drone  
  73  5:19  Extractor, Drone x2  
  76  5:24  Drone x4  
  79  5:35  Drone  
  80  5:37  Drone  
  80  5:38  Drone  
  80  5:39  Hatchery  
  80  5:40  Extractor  
  80  5:42  Zergling x12  
  86  5:45  Overlord, Zergling x2  
  86  5:49  Zergling x2  
  88  5:50  Zergling x4  
  88  5:54  Overlord  
  89  5:58  Overseer  
  89  5:59  Zergling x4  
  89  6:01  Glial Reconstitution  
  91  6:07  Zergling x10  
  91  6:11  Overlord  
  94  6:16  Overlord  
  94  6:18  Roach x6  
  106  6:25  Roach x2  
  110  6:28  Overlord  
  110  6:31  Zerg Missile Weapons Level 1  
  110  6:32  Roach x3  
  116  6:34  Roach x2  
  120  6:40  Roach x4  
  120  6:43  Overlord  
  120  6:47  Roach  
  130  6:51  Roach  
  130  6:52  Roach x4  
  135  6:57  Roach x2  
  135  7:00  Overlord  
  139  7:02  Roach x3  
  139  7:04  Roach  
  139  7:05  Overlord  
  147  7:10  Roach x3  
  147  7:11  Roach  
  147  7:14  Zergling x4  
  157  7:18  Overlord  
  157  7:20  Overlord, Zergling x2  
  157  7:21  Zergling x4  
  160  7:24  Zergling x2  
  160  7:27  Zergling x2  
  160  7:29  Zergling x6  
  165  7:33  Zergling x4  
  165  7:34  Hydralisk Den  
  165  7:35  Baneling Nest  
  166  7:37  Zergling x10  
  166  7:42  Zergling x8  
  174  7:45  Drone  
  174  7:46  Drone  
  174  7:47  Drone  
  174  7:50  Drone x3  
  169  7:53  Drone  
  169  7:54  Drone  
  169  7:58  Drone x2  
  154  7:59  Drone x2  
  154  8:01  Drone  
  154  8:04  Drone  
  145  8:06  Drone x6  
  145  8:09  Zergling x2  
  145  8:15  Zergling x2  
  145  8:16  Zergling x2  
  145  8:19  Centrifugal Hooks  
  140  8:20  Zergling x10  
  140  8:22  Spore Crawler  
  140  8:24  Roach  
  140  8:25  Extractor, Zerg Melee Weapons Level 2  
  140  8:26  Zergling x2  
  140  8:27  Zergling x4  
  146  8:30  Roach x2  
  146  8:32  Roach  
  150  8:34  Roach x4  
  150  8:36  Zergling x2  
  150  8:37  Zergling x4  
  150  8:41  Zergling x4  
  161  8:44  Hatchery  
  160  8:49  Zergling x10  
  160  8:50  Ravager x2  
  160  8:52  Zergling x2  
  160  8:54  Zergling x2  
  169  8:58  Zergling x8  
  169  8:59  Overlord  
  169  9:02  Overlord  
  173  9:04  Zergling x12  
  173  9:07  Roach, Zergling x2  
  173  9:09  Overlord  
  182  9:15  Zergling x8  
  186  9:18  Baneling x22  
  186  9:19  Baneling x2  
  186  9:20  Baneling x2  
  186  9:23  Roach, Zergling x4  
  190  9:26  Baneling x6  
  190  9:28  Zergling x4  
  190  9:29  Zergling x2  
  193  9:32  Zergling x8  
  193  9:34  Baneling  
  193  9:35  Baneling x4  
  193  9:38  Zergling x6  
  199  9:42  Zergling x2  
  199  9:45  Hydralisk Den  
  199  9:47  Drone  
  199  9:48  Drone  
  199  9:52  Drone x4  
  198  9:53  Drone x4  
  198  9:54  Drone x2  
  198  9:55  Zergling x2  
  175  10:01  Roach, Zergling x14  
  175  10:03  Roach, Zergling x4  
  160  10:09  Zergling x2  
  160  10:10  Roach  
  160  10:13  Roach x2  
  160  10:14  Roach x2  
  154  10:16  Muscular Augments  
  154  10:20  Drone x3  
  149  10:24  Zergling x10  
  153  10:29  Zergling x10  
  153  10:34  Hydralisk x3  
  164  10:39  Hydralisk  
  165  10:46  Hydralisk x2, Zerg Ground Armor Level 1  
  163  10:52  Hydralisk  
  163  10:53  Zergling x12  
  170  11:00  Drone, Hydralisk  
  170  11:01  Zergling x14  
  170  11:04  Extractor, Drone  
  179  11:05  Extractor  
  179  11:09  Zergling x14  
  185  11:12  Baneling x6  
  185  11:15  Hydralisk, Zergling x4  
  189  11:24  Lurker Den  
  188  11:26  Hydralisk  
  188  11:27  Hydralisk, Grooved Spines  
  188  11:30  Drone x2  
  181  11:34  Drone x2  
  181  11:35  Extractor, Drone  
  181  11:36  Infestation Pit, Extractor  
  181  11:37  Hydralisk  
  181  11:38  Zergling x16  
  188  11:43  Drone  
  188  11:44  Drone  
  188  11:45  Spine Crawler  
  188  11:46  Spine Crawler  
  188  11:51  Overseer, Zergling x14  
  195  11:59  Baneling x15  
  185  12:03  Hydralisk  
  185  12:04  Zergling x6  
  186  12:15  Hive  
  181  12:24  Drone x3  
  181  12:25  Drone x2  
  181  12:27  Extractor  
  178  12:39  Hatchery  
  140  12:45  Hydralisk x5  
  140  12:49  Lurker  
  140  12:50  Lurker x7  
  140  12:51  Roach, Zergling x30  
  173  12:55  Hydralisk, Zergling x2  
  173  12:56  Zergling x4  
  173  12:57  Overseer  
  174  13:02  Lurker  
  174  13:03  Lurker  
  175  13:07  Hydralisk x3  
  175  13:12  Hydralisk, Zergling x2  
  184  13:13  Zergling x12  
  184  13:17  Hydralisk, Zergling x6  
  184  13:18  Zergling x2  
  196  13:23  Baneling x8  
  196  13:26  Hydralisk  
  192  13:27  Zergling x8  
  192  13:31  Seismic Spines  
  193  13:34  Zerg Missile Weapons Level 2  
  193  13:35  Hydralisk  
  193  13:36  Zergling x2  
  193  13:40  Hydralisk  
  197  13:41  Zergling x4  
  197  13:45  Hydralisk  
  197  13:46  Zergling x8  
  200  13:50  Hydralisk  
  200  13:51  Zergling x8  
  185  13:56  Drone x2  
  185  13:58  Lurker x4  
  191  14:05  Lurker x2  
  190  14:10  Hydralisk x4  
  190  14:12  Hydralisk  
  190  14:13  Zergling x12  
  193  14:20  Zergling x18  
  199  14:28  Adaptive Talons  
  199  14:30  Zergling x2  
  200  14:32  Baneling x5  
  200  14:39  Drone  
  200  14:40  Spire  
  200  14:43  Zergling x8  
  199  14:46  Spine Crawler  
  199  14:47  Zergling x4  
  199  14:51  Pneumatized Carapace  
  199  14:54  Spine Crawler  
  199  14:58  Hydralisk, Zergling x2  
  199  14:59  Zergling x4  
  198  15:01  Hydralisk, Overseer x2, Zergling x4  
  198  15:02  Zergling x6  
  192  15:07  Zergling x14  
  195  15:14  Hydralisk  
  195  15:15  Zergling x10  
  195  15:16  Baneling x3  
  195  15:17  Baneling x8  
  199  15:28  Hydralisk, Zergling x2  
  189  15:36  Hydralisk  
  189  15:37  Zergling x22  
  189  15:39  Hydralisk  
  189  15:40  Zergling x12  
  179  15:44  Hydralisk x3  
  179  15:47  Lurker x8  
  179  15:48  Lurker  
  179  15:49  Hydralisk  
  183  15:51  Hydralisk  
  183  15:56  Zergling x10  
  186  16:00  Hydralisk  
  186  16:01  Hydralisk x2  
  186  16:04  Zergling x4  
  193  16:08  Zergling x8  
  193  16:09  Baneling x3  
  193  16:10  Baneling, Overseer  
  197  16:16  Hydralisk, Zergling x2  
  200  16:20  Hydralisk  
  200  16:21  Zergling x2  
  197  16:26  Hydralisk  
  197  16:27  Zergling x12  
  197  16:28  Zergling x2  
  197  16:30  Hydralisk  
  197  16:31  Hydralisk  
  197  16:34  Zergling x4  
  197  16:37  Zergling x4  
  197  16:39  Zergling x4  
  192  16:40  Zergling x2  
  192  16:41  Zergling x2  
  192  16:42  Zergling x2  
  192  16:43  Zergling x2  
  192  16:44  Zergling x2  
  162  16:47  Hydralisk  
  162  16:48  Drone x2  
  162  16:50  Zergling x2  
  152  16:56  Zergling x8  
  152  16:58  Zergling x2  
  152  17:00  Zergling x2  
  138  17:02  Zergling x2  
  138  17:05  Zergling x2  
  138  17:07  Zergling x2  
  138  17:08  Overseer  
  130  17:09  Zergling x2  
  130  17:12  Zergling x2  
  130  17:13  Zergling x2  
  129  17:15  Zergling x2  

Tags
 
Add a new tag
Caveats
  • Supply blocks, unpowered buildings, or Contaminate may cause inaccurate times.
  • Supply counts are checked every 10 seconds.